 Dungeon Crawl Stone Soup version 0.28.0-1-gb440e238dd (webtiles) character file.

Game seed: 8615969743711634277

15 croobank the Caller (level 2, -1/19 HPs)
             Began as a Merfolk Summoner on Feb 27, 2022.
             Slain by a quokka (4 damage)
             ... on level 1 of the Dungeon.
             The game lasted 00:02:50 (1164 turns).

croobank the Caller (Merfolk Summoner)              Turns: 1164, Time: 00:02:50

Health: -1/19      AC:  2    Str:  8    XL:     2   Next: 50%
Magic:  3/5        EV: 13    Int: 14    God:
Gold:   24         SH:  0    Dex: 14    Spells: 4/5 levels left

rFire   . . .      SeeInvis .   (no weapon)
rCold   . . .      Faith    .   (no shield)
rNeg    . . .      Spirit   .   a - +0 robe
rPois   .          Reflect  .   (no helmet)
rElec   .          Harm     .   (no cloak)
rCorr   .          Rampage  .   (no gloves)
Will    .....                   (no boots)
Stlth   ++........              (no amulet)
HPRegen 0.06/turn               (no ring)
MPRegen 0.09/turn               (no ring)

@: no status effects
A: (nimble swimmer 2), mertail
a: no special abilities


You were on level 1 of the Dungeon.
You visited 1 branch of the dungeon, and saw 1 of its levels.

You collected 24 gold pieces.

Inventory:

Hand Weapons
 d - a +0 hunting sling
Missiles
 g - 3 stones
Armour
 a - a +0 robe (worn)
Potions
 b - a potion of brilliance {unknown}
 c - a potion of heal wounds {unknown}
 e - a potion of lignification {unknown}
 f - a potion of curing {unknown}


   Skills:
 + Level 3.1 Dodging
 + Level 2.5 Stealth
 + Level 2.2 Spellcasting
 + Level 4.1 Summonings


You had 4 spell levels left.
You knew the following spells:

 Your Spells              Type           Power      Damage    Failure   Level
a - Summon Small Mammal   Summ           52%        N/A       4%          1

Your spell library contained the following spells:

 Spells                   Type           Power      Damage    Failure   Level
 Call Imp                 Summ           13%        N/A       6%          2
 Call Canine Familiar     Summ           13%        N/A       13%         3
 Summon Guardian Golem    Hex/Summ       7%         N/A       30%         3
 Summon Lightning Spire   Summ/Air       7%         N/A       69%         4
 Airstrike                Air            0%         N/A       93%         4
 Lightning Bolt           Conj/Air       0%         1d11      100%        5


Dungeon Overview and Level Annotations

Branches:
Dungeon (1/15)

Altars:


Innate Abilities, Weirdness & Mutations

((You are very nimble when in or above water. (Stealth+, EV+, Speed+++)))
Your lower body shifts to a powerful aquatic tail in water.


Message History

The quokka bites you.
Your quokka closely misses the quokka.
You hit the quokka but do no damage.
The quokka is heavily wounded.
Your quokka disappears in a puff of smoke!
The quokka bites you. The quokka misses you.
Casting: Summon Small Mammal (safe; 4% risk of failure)
Confirm with . or Enter, or press ? or * to list all spells.
The quokka misses you.
You hit the quokka but do no damage.
The quokka is heavily wounded.
Your bat misses the quokka.
Your bat hits the quokka but does no damage.
The quokka misses you.
Casting: Summon Small Mammal (safe; 4% risk of failure)
Confirm with . or Enter, or press ? or * to list all spells.
Your bat hits the quokka. The quokka closely misses your bat.
Your bat hits the quokka but does no damage.
You closely miss the quokka.
The quokka is severely wounded.
Your bat barely misses the quokka.
Your bat closely misses the quokka.
The quokka bites you.
* * * LOW HITPOINT WARNING * * *
You hit the quokka but do no damage.
The quokka is severely wounded.
Your bat misses the quokka.
Your bat closely misses the quokka.
Your bat hits the quokka. The quokka closely misses you.
The quokka barely misses you.
You closely miss the quokka.
The quokka is almost dead.
Your bat closely misses the quokka. x2; The quokka closely misses you.
You hit the quokka but do no damage.
The quokka is almost dead.
Your bat closely misses the quokka.
Your bat barely misses the quokka.
Your bat closely misses the quokka.
The quokka bites you.
* * * LOW HITPOINT WARNING * * *
You miss the quokka.
The quokka is almost dead.
Your bat closely misses the quokka.
Your bat misses the quokka.
Your bat barely misses the quokka.
The quokka bites you.
You die...

#### ..# ... #.# #b########
#r##.....### #@.b.......#
##################.#.##.##
........##.........#..)..###
#.......##.#####.###.#.....##
#.......##.# #.....#...#b.#
###.......##.# ##..###.#.##.#
..........##># #......#....#
##........##.# #.#..###.#..#
...#'#####...# #.#......#..#


You could see a quokka (ally target) and 2 friendly bats.

Vanquished Creatures
  A ball python (D:1)
  An endoplasm (D:1)
  A rat (D:1)
3 creatures vanquished.

Vanquished Creatures (collateral kills)
  A dart slug (D:1)
  An endoplasm (D:1)
  A giant cockroach (D:1)
  3 jackals (D:1)
  A bat (D:1)
  2 kobolds (D:1)
9 creatures vanquished.

Grand Total: 12 creatures vanquished

Notes
Turn   | Place    | Note
-------+----------+-------------------------------------------
     0 | D:1      | croobank the Merfolk Summoner began the quest for the Orb.
     0 | D:1      | Reached XP level 1. HP: 13/13 MP: 3/3
   497 | D:1      | Reached XP level 2. HP: 19/19 MP: 0/5
  1164 | D:1      | Slain by a quokka

Illustrated notes

Levels and vault maps discovered:
D:1:      evilmike_arrival_hilbert_curve, layout_basic,
          hellmonk_ecumenical_altar_zigzags, hangedman_abyss_or_decor_stabs,
          hex_intersection

Skill      XL: |  1  2 |
---------------+-------+-----
Dodging        | 3 |  3.1
Stealth        | |  2.5
Spellcasting   | |  2.2
Summonings     | |  4.1

Action                   || total
-------------------------++-------
Melee: Unarmed           ||    43
 Cast: Summon Small Mamm ||    29
Armor: Robe              ||     2
Dodge: Dodged            ||    34
